 Dungeon Crawl Stone Soup version 0.31-a0-267-g3fc6992b3b (webtiles) character file.

Game seed: 13133217127198863745

302 qw the Shooter (level 6, 0/41 (52) HPs)
             Began as a Minotaur Hexslinger on July 14, 2023.
             Slain by Edmund
             ... wielding a +1 flail of draining
              (3 damage)
             ... on level 4 of the Dungeon.
             The game lasted 00:01:06 (2378 turns).

qw the Shooter (Minotaur Hexslinger)                Turns: 2378, Time: 00:01:07

HP:   0/41 (52)     AC:  6    Str: 13    XL:     6   Next: 14%
MP:   6/6           EV: 11    Int: 10    God:
Gold: 104           SH:  0    Dex: 17    Spells: 6/7 levels left

rFire   . . .        Y - +1 sling
rCold   . . .        (no shield)
rNeg    . . .        f - +0 ring mail of the Planets {Will+ Dex+3}
rPois   .            (helmet restricted)
rElec   .            (no cloak)
rCorr   .            b - +0 pair of gloves
SInv    +            (no boots)
Will    +....        (no amulet)
Stlth   +            a - ring of see invisible
HPRegen 0.26/turn    (no ring)
MPRegen 0.10/turn

%: no passive effects
@: heavily drained
A: horns 2, retaliatory headbutt
a: no special abilities


You were on level 4 of the Dungeon.
You visited 1 branch of the dungeon, and saw 4 of its levels.

You collected 128 gold pieces.
You spent 24 gold pieces at shops.


Innate Abilities, Weirdness & Mutations

You have a pair of horns on your head.
You reflexively headbutt those who attack you in melee.


   Skills:
 - Level 4.1 Fighting
 + Level 5.7 Ranged Weapons
 - Level 1.9 Armour
 - Level 2.1 Dodging
 - Level 1.0 Spellcasting
 - Level 2.0 Hexes


You had 6 spell levels left.
You knew the following spells:

 Your Spells              Type           Power      Damage    Failure   Level
a - Slow                  Hex            16%        N/A       32%         1

Your spell library contained the following spells:

 Spells                   Type           Power      Damage    Failure   Level
 Inner Flame              Hex/Fire       2%         N/A       82%         3
 Portal Projectile        Hex/Tloc       4%         N/A       82%         3
 Cause Fear               Hex            2%         N/A       97%         4

Inventory:

Hand Weapons
 Y - a +1 sling (weapon)
Armour
 b - a +0 pair of gloves (worn)
 f - the +0 ring mail of the Planets (worn) {Will+ Dex+3}
   (You found it on level 3 of the Dungeon)

   Dex:       It affects your dexterity (+3).
   Will:      It increases your willpower.
Jewellery
 a - a ring of see invisible (left hand)
 i - a +6 ring of strength
Scrolls
 c - a scroll of identify
 g - a scroll of noise {unknown}
Potions
 d - 4 potions of brilliance {unknown}
 e - a potion of resistance {unknown}
 h - a potion of haste {unknown}
 j - a potion of curing {unknown}
 k - a potion of might {unknown}

Dungeon Overview and Level Annotations

Branches:
Dungeon (4/15)
 Temple: D:4-7

Altars:

Shops:
D:2 *

Annotations:
D:4 Edmund


Message History

The sling bullet hits Edmund but does no damage.
Edmund is moderately wounded.
You shoot a sling bullet. The sling bullet barely misses Edmund.
You shoot a sling bullet. The sling bullet hits Edmund!
Edmund is heavily wounded.
Edmund hits you with a +1 flail of draining!
You feel drained.
You shoot a sling bullet. The sling bullet hits Edmund.
Edmund is heavily wounded.
Edmund completely misses you. Edmund barely misses you.
You furiously retaliate!
You headbutt Edmund. You shoot a sling bullet.
The sling bullet closely misses Edmund.
The hobgoblin barely misses you. Edmund closely misses you.
You shoot a sling bullet. The sling bullet closely misses Edmund.
The hobgoblin hits you.
Edmund hits you with a +1 flail of draining.
You feel drained.
You shoot a sling bullet. The sling bullet barely misses Edmund.
Edmund hits you with a +1 flail of draining!
You feel drained. The hobgoblin hits you.
You shoot a sling bullet. The sling bullet hits Edmund.
Edmund is severely wounded.
The hobgoblin barely misses you.
Edmund hits you with a +1 flail of draining.
You feel drained. The hobgoblin hits you.
Edmund hits you with a +1 flail of draining.
You feel drained.
You shoot a sling bullet. The sling bullet closely misses Edmund.
Edmund barely misses you. The hobgoblin barely misses you.
You shoot a sling bullet. The sling bullet hits Edmund.
Edmund is severely wounded.
The hobgoblin barely misses you. Edmund barely misses you.
You shoot a sling bullet. The sling bullet closely misses Edmund.
The hobgoblin hits you.
Edmund hits you with a +1 flail of draining.
You feel drained.
You shoot a sling bullet. The sling bullet closely misses Edmund.
Edmund hits you with a +1 flail of draining!
You feel drained.
You die...

#.....#########..........##
##..###.......####........#
#...)....:......###.......
#........}(.......#.......
###...............#.......
####.......###..##.....#
(..#########.....#....##
...)..g..........#..####
.....$@@........}#### #
##...........##### #
#############


You could see Edmund and a hobgoblin.

Vanquished Creatures
  An ogre (D:4)
  A scorpion (D:4)
  An orc wizard (D:3)
  4 adders
  An ufetubus (D:4)
  A worm (D:2)
  5 dart slugs
  5 orcs
  6 bats
  2 endoplasms
  3 giant cockroaches
  9 goblins
  6 hobgoblins
  6 jackals
  A quokka (D:2)
  7 ball pythons
  3 frilled lizards
  7 kobolds
  6 rats
75 creatures vanquished.

Notes
Turn   | Place    | Note
-------+----------+-------------------------------------------
     0 | D:1      | qw the Minotaur Hexslinger began the quest for the Orb.
     0 | D:1      | Reached XP level 1. HP: 16/16 MP: 1/1
     0 | D:1      | 0 ||| qw: Version: 0.3-a-52-g30416fa
     0 | D:1      | 0 ||| qw: Game counter: 7857
     0 | D:1      | 0 ||| qw: Melee chars always use a shield: true
     0 | D:1      | 0 ||| qw: God list: Okawaru
     0 | D:1      | 0 ||| qw: Allow faded altars: false
     0 | D:1      | 0 ||| qw: Do Orc after clearing Dungeon:15 true
     0 | D:1      | 0 ||| qw: Do second Lair branch before Depths: true
     0 | D:1      | 0 ||| qw: Lair rune preference: random
     0 | D:1      | 0 ||| qw: Goals: Normal
     0 | D:1      | 0 ||| PLANNING D:1-11
    78 | D:1      | Reached skill level 3 in Ranged Weapons
    78 | D:1      | Reached XP level 2. HP: 23/23 MP: 2/2
   312 | D:1      | Reached XP level 3. HP: 29/29 MP: 3/3
   563 | D:1      | 563 ||| UPGRADING to +0 leather armour.
   573 | D:1      | 573 ||| DROPPING +0 robe.
   574 | D:1      | 574 ||| DROPPING scroll of poison.
   607 | D:2      | Reached skill level 4 in Ranged Weapons
   776 | D:2      | Found Beuluytohi's Assorted Antiques.
   784 | D:2      | 784 ||| BUYING scroll labelled MANEUL YRENI (24 gold).
   784 | D:2      | Bought a scroll labelled MANEUL YRENI for 24 gold pieces
   784 | D:2      | 784 ||| SHOPLISTING thick robe (136 gold, have 13).
   835 | D:2      | Reached XP level 4. HP: 36/36 MP: 4/4
   860 | D:2      | HP: 8/36 [worm (8)]
  1066 | D:2      | 1066 ||| FLEEEEING.
  1394 | D:2      | 1394 ||| UPGRADING to +0 pair of gloves.
  1399 | D:2      | 1399 ||| UPGRADING to +0 ring mail.
  1409 | D:2      | 1409 ||| DROPPING +0 leather armour.
  1410 | D:2      | 1410 ||| READING scroll labelled MOAKHL DODI.
  1411 | D:2      | 1411 ||| READING scroll labelled MANEUL YRENI.
  1412 | D:2      | 1412 ||| READING scroll labelled YNUAR HOHI.
  1511 | D:3      | Identified the +0 ring mail of the Planets {Will+ Dex+3}
  1572 | D:3      | Reached skill level 1 in Armour
  1575 | D:3      | Reached skill level 5 in Ranged Weapons
  1866 | D:3      | 1866 ||| UPGRADING to +0 ring mail of the Planets {Will+
                  | Dex+3}.
  1876 | D:3      | 1876 ||| DROPPING +0 ring mail.
  1877 | D:3      | 1877 ||| UPGRADING to ring of see invisible.
  1878 | D:3      | 1878 ||| READING scroll labelled TUCKUGH ITIA.
  1879 | D:3      | 1879 ||| DRINKING 2 murky clear potions.
  1880 | D:3      | 1880 ||| DROPPING potion of attraction.
  1899 | D:4      | 1899 ||| PLANNING SEWER
  1943 | D:4      | Noticed an ogre
  1946 | D:4      | Reached XP level 5. HP: 42/42 MP: 5/5
  1955 | D:4      | Killed an ogre
  2113 | D:4      | Reached XP level 6. HP: 43/52 MP: 6/6
  2364 | D:4      | Noticed Edmund
  2377 | D:4      | HP: 10/44 [Edmund/+1 flail of draining (3)]
  2378 | D:4      | HP: 3/43 [Edmund/+1 flail of draining (7)]
  2378 | D:4      | Slain by Edmund

Levels and vault maps discovered:
D:1:      matt_arrival_refuge, layout_basic
D:2:      layout_loops_ring, serial_shops, shop
D:3:      layout_rooms
D:4:      kennysheep_spiral_hall, layout_basic, cheibrodos_sewer_entry_drain,
          uniq_crazy_yiuf_cottage, uniq_edmund

Skill      XL: |  1  2  3  4  5 |
---------------+----------------+-----
Ranged Weapons | 3 4 5 |  5.7
Fighting       | 2 4 |  4.1
Armour         | 1 |  1.9
Dodging        | |  2.1
Spellcasting   | |  1.0
Hexes          | |  2.0

Action                     |  1- 3 |  4- 6 || total
---------------------------+-------+-------++-------
   Fire: Sling             |   103 |   165 ||   268
    Use: Scroll            |       |     4 ||     4
         Potion            |       |     1 ||     1
 Armour: Robe              |     2 |       ||     2
         Leather armour    |     5 |     3 ||     8
         Ring mail         |       |    12 ||    12
  Dodge: Dodged            |    28 |    37 ||    65

Table legend:
 A = Non-vault XP
 B = Vault XP
 C = Vault XP percentage of total XP
 D = Non-vault monster count
 E = Vault monster count
 F = Vault count percentage of total count
                 A         B        C        D         E       F
            +---------+---------+-------+---------+---------+-------
      Total |     414 |      18 |   4.2 |      71 |       4 |   5.3
            +---------+---------+-------+---------+---------+-------
        D:1 |      49 |       0 |   0.0 |      23 |       0 |   0.0
        D:2 |      88 |       0 |   0.0 |      27 |       0 |   0.0
        D:3 |      57 |       0 |   0.0 |      11 |       0 |   0.0
        D:4 |     220 |      18 |   7.6 |      10 |       4 |  28.6
            +---------+---------+-------+---------+---------+-------
